 Dungeon Crawl Stone Soup version 0.24-a0-285-g3c078ff (webtiles) character file.

Game seed: 8058716184955500861

10839 nikopol the Thaumaturge (level 11, 0/55 HPs)
             Began as a Deep Elf Fire Elementalist on May 6, 2019.
             Was a Believer of Vehumet.
             Slain by an elephant (1 damage)
             ... in a Gauntlet on May 7, 2019.
             The game lasted 00:39:02 (11952 turns).

nikopol the Thaumaturge (DEFE)                     Turns: 11952, Time: 00:39:04

Health: 0/55       AC: 10    Str:  5    XL:     11   Next: 41%
Magic:  5/30       EV: 15    Int: 27    God:    Vehumet [**....]
Gold:   578        SH:  7    Dex: 18    Spells: 19/37 levels left

rFire    + + .     SeeInvis .   E - +2 dagger (drain)
rCold    . . .     Gourm    .   y - +2 buckler {AC+3}
rNeg     . . .     Faith    .   a - +0 robe
rPois    .         Spirit   .   w - +0 helmet
rElec    .         Reflect  .   G - +1 cloak
rCorr    .         Harm     .   (no gloves)
MR       +....     NoTele   +   j - +1 pair of boots
Stlth    +++.......             (no amulet)
HPRegen  0.18/turn              o - ring of wizardry
MPRegen  0.22/turn              k - ring "Udayvoxt" {rF++ Int+3 Dex+3 Slay+3}

@: slowed, very slow
A: no striking features
a: Renounce Religion


You were in a Gauntlet.
You worshipped Vehumet.
Vehumet was pleased with you.
You were not hungry.

You visited 3 branches of the dungeon, and saw 12 of its levels.
You also visited: Ossuary and Gauntlet.

You collected 578 gold pieces.

Inventory:

Hand Weapons
 E - a +2 dagger of draining (weapon)
Armour
 a - a +0 robe (worn)
 j - a +1 pair of boots (worn)
 w - a +0 helmet (worn)
 y - a +2 buckler of protection (worn)
 G - a +1 cloak (worn)
 M - a +0 helmet of intelligence
Jewellery
 h - a +2 ring of protection {unknown}
 k - the ring "Udayvoxt" (right hand) {rF++ Int+3 Dex+3 Slay+3}
   (You found it on level 5 of the Dungeon)

   [ring of slaying]

   It affects your intelligence (+3).
   It affects your dexterity (+3).
   It affects your accuracy and damage with ranged weapons and melee attacks
   (+3).
   It greatly protects you from fire.
 o - a ring of wizardry (left hand)
 J - an uncursed ring of stealth
 K - a cursed -3 ring of intelligence {unknown}
Wands
 z - a wand of acid (8)
 A - a wand of digging (5)
Scrolls
 b - 6 scrolls of remove curse
 e - 6 scrolls of immolation
 g - 5 scrolls of amnesia {unknown}
 i - 3 scrolls of teleportation
 m - a scroll of random uselessness {unknown}
 n - 3 scrolls of fear {unknown}
 p - 3 scrolls of enchant weapon {unknown}
 q - 6 scrolls of enchant armour {unknown}
 s - 2 scrolls of magic mapping {unknown}
 B - 2 scrolls of identify
 C - a scroll of vulnerability {unknown}
 D - 2 scrolls of fog {unknown}
 H - a scroll of holy word {unknown}
 I - a scroll of noise {unknown}
Potions
 d - 2 potions of invisibility
 f - a potion of might
 l - 3 potions of curing
 r - a potion of haste
 t - 2 potions of magic
 u - 3 potions of resistance
 v - a potion of heal wounds
 x - 2 potions of mutation
 F - 3 potions of lignification
Comestibles
 c - 24 rations
 L - 2 chunks of flesh


   Skills:
 + Level 0.4 Fighting
 + Level 0.3 Short Blades
 + Level 4.8 Dodging
 + Level 5.4 Stealth
 + Level 4.4 Shields
 + Level 13.8 Spellcasting
 + Level 9.7 Conjurations
 + Level 10.2 Fire Magic


You had 19 spell levels left.
You knew the following spells:

 Your Spells              Type           Power        Failure   Level  Hunger
a - Flame Tongue          Conj/Fire      #####        1%          1    None
b - Throw Flame           Conj/Fire      ######       1%          2    None
c - Conjure Flame         Conj/Fire      ######..     1%          3    None
d - Sticky Flame          Conj/Fire      ######..     1%          4    None
e - Fireball              Conj/Fire      ######....   1%          5    ##.....
f - Stone Arrow           Conj/Erth      #####.       1%          3    None

Your spell library contained the following spells:

 Spells                   Type           Power        Failure   Level  Hunger
 Throw Frost              Conj/Ice       #####.       1%          2    None
 Animate Skeleton         Necr           N/A          1%          1    None
 Apportation              Tloc           ###...       1%          1    None
 Confusing Touch          Hex            ###...       1%          1    None
 Sandblast                Erth           ###...       1%          1    None
 Summon Small Mammal      Summ           ###.         1%          1    None
 Passwall                 Tmut/Erth      ###.....     1%          2    None
 Inner Flame              Hex/Fire       #####...     1%          3    None
 Petrify                  Tmut/Erth      ###.....     12%         4    None
 Lee's Rapid Deconstruct  Erth           ###.......   32%         5    ##.....


Dungeon Overview and Level Annotations

Branches:
Dungeon (9/15)             Temple (1/1) D:6            Lair (2/6) D:9
    Orc (0/2) D:9
  Swamp: Lair:2-4    Shoals: Lair:2-4     Snake: Lair:2-4    Spider: Lair:2-4

Altars:
Ashenzari
Dithmenos
Gozag
Makhleb
Nemelex Xobeh
Okawaru
Sif Muna
Trog
Vehumet
Wu Jian
Xom
The Shining One

Annotations:
Gauntlet 5 transporters


Message History

The elephant trunk-slaps you.
Casting: Sticky Flame (safe; 1% risk of failure)
Confirm with . or Enter, or press ? or * to list all spells.
Aiming: Sticky Flame (safe; 1% risk of failure)
Press: ? - help, Shift-Dir - straight line, f - elephant, p - elephant
Aim: an elephant (heavily wounded)
The sticky flame hits the elephant!
The elephant is heavily wounded.
The elephant is covered in liquid flames!
The torpor snail burns! x2; The elephant burns!
You kill the elephant!
Vehumet accepts your kill.
The elephant burns! x4; The elephant tramples you!
* * * LOW HITPOINT WARNING * * *
You stumble backwards!
The elephant barely misses you.
The elephant trunk-slaps you but does no damage.
The elephant tramples you.
* * * LOW HITPOINT WARNING * * *
You hold your ground!
The elephant trunk-slaps you.
You die...

.....#∩............≈8≈........∩
##.©.#≈.............≈..........
##...#..###########...#########
.....#..#.#####...#...#...#.#..
##.8.#..#....##..##...#..#...#.
##...#..#.###...###...#.##...##
...8.#..#(##.##...#...#..##.#..
##...#..#©.#.##.#.#...#©.#.©...
#≈8≈#..#.##YY@Y###...#(.##.#..
#####..#.##w###..#...#.##...##
###..#.#..##.###...#..#...#.
#8#..#.##....###...#...#.#..
###..###########...#########
#.....#.©.#....≈....#.©.#.
###...8.#...#.8.≈8≈.8.#...#.
#8#.....#.©.#....≈....#.©.#.
###..###########...#########


You could see 3 elephants and a torpor snail (burning).

Vanquished Creatures
  2 two-headed ogres
  Pikel (D:6)
  A moth of wrath (Gauntlet)
  An elephant (Gauntlet)
  Joseph (Lair:1)
  Psyche (D:8)
  2 polar bears (D:9)
  3 slime creatures (Gauntlet)
  2 hippogriffs (Lair:1)
  Eustachio (D:5)
  A spriggan (D:8)
  A wyvern (D:9)
  3 yaks (D:9)
  Menkaure (Ossuary)
  A hungry ghost (D:8)
  3 wargs (D:9)
  2 swamp worms (Gauntlet)
  2 water moccasins (Lair:1)
  A porcupine (Lair:1)
  5 ice beasts
  2 black bears
  4 ogres
  3 sky beasts
  2 phantoms
  A necrophage (D:8)
  3 wolves (Gauntlet)
  3 centaurs
  5 big kobolds
  6 bullfrogs
  A gnoll sergeant (D:6)
  A wyvern skeleton (D:8)
  5 killer bees
  A scorpion (D:7)
  4 wights (D:6)
  3 bullfrog zombies
  A centaur zombie (D:9)
  A centaur skeleton (D:5)
  2 jellies
  8 hounds
  6 orc priests
  A gnoll shaman (D:6)
  2 iguanas
  7 orc wizards
  3 worker ants
  A howler monkey zombie (D:9)
  3 mummies (Ossuary)
  5 gnolls (D:6)
  A howler monkey skeleton (D:8)
  8 adders
  2 shadow imps
  2 white imps (D:9)
  2 ufetubi (D:9)
  An ooze (D:3)
  8 worms
  3 dart slugs
  8 leopard geckos
  22 orcs
  2 ball pythons (D:1)
  6 giant cockroaches
  3 gnoll zombies (Ossuary)
  7 goblins
  7 hobgoblins
  3 jackals (D:5)
  4 quokkas
  7 bats
  5 frilled lizards
  3 gnoll skeletons (Ossuary)
  2 goblin skeletons (Ossuary)
  7 goblin zombies
  3 hobgoblin skeletons (Ossuary)
  6 hobgoblin zombies (Ossuary)
  A jackal skeleton (D:5)
  23 kobolds
  4 kobold skeletons (Ossuary)
  4 kobold zombies (Ossuary)
  6 orc skeletons (Ossuary)
  An orc zombie (Ossuary)
  A quokka skeleton (D:9)
  A quokka zombie (D:4)
  8 rats
  5 rat skeletons (Ossuary)
  3 rat zombies (Ossuary)
298 creatures vanquished.

Vanquished Creatures (others)
  A slave (D:6)
  A gnoll zombie (Ossuary)
  2 hobgoblins (D:6)
  A hobgoblin zombie (Ossuary)
  2 orc skeletons (Ossuary)
  12 demonic plants (Gauntlet)
19 creatures vanquished.

Grand Total: 317 creatures vanquished

Notes
Turn   | Place    | Note
-------+----------+-------------------------------------------
     0 | D:1      | nikopol the Deep Elf Fire Elementalist began the quest for
                  | the Orb.
     0 | D:1      | Reached XP level 1. HP: 10/10 MP: 6/6
   175 | D:1      | Reached XP level 2. HP: 15/15 MP: 2/8
   636 | D:2      | Reached XP level 3. HP: 19/19 MP: 6/10
   844 | D:2      | Found a glowing golden altar of the Shining One.
   905 | D:2      | Reached skill level 4 in Spellcasting
  1079 | D:2      | Reached XP level 4. HP: 24/24 MP: 10/12
  1083 | D:2      | Learned a level 2 spell: Throw Flame
  1087 | D:2      | Learned a level 3 spell: Conjure Flame
  1092 | D:2      | Learned a level 4 spell: Sticky Flame
  1352 | D:3      | Found an ornate altar of the Wu Jian Council.
  1986 | D:4      | Found a sand-covered staircase.
  1999 | Ossuary  | Entered an ossuary
  2074 | Ossuary  | Reached XP level 5. HP: 8/28 MP: 0/14
  2533 | Ossuary  | Reached skill level 5 in Spellcasting
  2842 | Ossuary  | Noticed Menkaure
  2848 | Ossuary  | Killed Menkaure
  2848 | Ossuary  | Reached skill level 1 in Shields
  3145 | Ossuary  | Reached XP level 6. HP: 32/32 MP: 13/16
  4175 | D:5      | Entered Level 5 of the Dungeon
  4401 | D:5      | Reached skill level 6 in Spellcasting
  4504 | D:5      | Found a bloodstained altar of Trog.
  4594 | D:5      | Reached skill level 5 in Fire Magic
  4594 | D:5      | Reached XP level 7. HP: 34/36 MP: 11/18
  4613 | D:5      | Got a glittering silver ring
  4614 | D:5      | Identified the ring "Udayvoxt" {rF++ Int+3 Dex+3 Slay+3}
                  | (You found it on level 5 of the Dungeon)
  4623 | D:5      | Noticed Eustachio
  4638 | D:5      | Killed Eustachio
  4897 | D:5      | Learned a level 5 spell: Fireball
  5147 | D:5      | Found a shimmering altar of Xom.
  5452 | D:6      | Reached skill level 7 in Spellcasting
  5476 | D:6      | Reached XP level 8. HP: 41/41 MP: 11/20
  5540 | D:6      | Found a staircase to the Ecumenical Temple.
  5700 | D:6      | Found a bloodstained altar of Trog.
  5788 | D:6      | Reached skill level 8 in Spellcasting
  5938 | D:6      | Noticed Pikel
  5943 | D:6      | Killed Pikel
  5943 | D:6      | Reached skill level 9 in Spellcasting
  5943 | D:6      | Reached skill level 5 in Conjurations
  6011 | D:6      | Reached XP level 9. HP: 45/45 MP: 11/24
  6528 | D:6      | Reached skill level 10 in Spellcasting
  7477 | D:8      | Learned a level 3 spell: Stone Arrow
  7484 | D:8      | Noticed a two-headed ogre
  7489 | D:8      | Killed a two-headed ogre
  7489 | D:8      | Reached skill level 11 in Spellcasting
  8030 | D:8      | Reached XP level 10. HP: 50/50 MP: 15/27
  8576 | D:8      | Noticed Psyche
  8578 | D:8      | Killed Psyche
  8665 | D:8      | Found an iron altar of Okawaru.
  8814 | D:8      | Reached skill level 12 in Spellcasting
  8872 | D:8      | Noticed a two-headed ogre
  8873 | D:8      | Noticed a manticore
  9262 | Temple   | Entered the Ecumenical Temple
  9266 | Temple   | Became a worshipper of Vehumet
  9326 | D:9      | Found a shadowy altar of Dithmenos.
  9334 | D:9      | Noticed a two-headed ogre
  9356 | D:9      | Killed a two-headed ogre
  9670 | D:9      | Reached * piety under Vehumet
  9670 | D:9      | Offered knowledge of Freeze by Vehumet.
  9834 | D:9      | Reached skill level 13 in Spellcasting
  9835 | D:9      | Found a deep blue altar of Sif Muna.
  9970 | D:9      | Reached XP level 11. HP: 55/55 MP: 10/30
 10122 | D:9      | Found a staircase to the Lair.
 10146 | D:9      | Found a staircase to the Orcish Mines.
 10181 | D:9      | Found an opulent altar of Gozag.
 10399 | Lair:1   | Entered Level 1 of the Lair of Beasts
 10399 | Lair:1   | Noticed Joseph
 10403 | Lair:1   | Killed Joseph
 11247 | Lair:2   | Found a gate leading to a gauntlet.
 11258 | Gauntlet | Entered a Gauntlet
 11258 | Gauntlet | Found a transporter.
 11258 | Gauntlet | Found a transporter.
 11258 | Gauntlet | Noticed a fire crab
 11262 | Gauntlet | Found a transporter.
 11262 | Gauntlet | Found a transporter.
 11262 | Gauntlet | Found a transporter.
 11274 | Gauntlet | Found a transporter.
 11285 | Gauntlet | Found a transporter.
 11293 | Gauntlet | Found a transporter.
 11311 | Gauntlet | Found a transporter.
 11319 | Gauntlet | Found a transporter.
 11336 | Gauntlet | Found a transporter.
 11394 | Gauntlet | Found a transporter.
 11569 | Gauntlet | Reached skill level 10 in Fire Magic
 11579 | Gauntlet | Reached skill level 5 in Stealth
 11682 | Gauntlet | Upgraded the game from 0.24-a0-284-g9fb9971 to
                  | 0.24-a0-285-g3c078ff
 11759 | Gauntlet | Reached ** piety under Vehumet
 11759 | Gauntlet | Offered knowledge of Throw Frost by Vehumet.
 11952 | Gauntlet | HP: 1/55 [elephant (5)]
 11952 | Gauntlet | Slain by an elephant

Levels and vault maps discovered:
D:1:      mrwooster_arrival_statue_2, layout_rooms, minmay_pentomino_r2
D:2:      minmay_skewed_foursquare, layout_rooms, tso_metal_star
D:3:      layout_loops_ring, nicolae_overflow_crystal_walls,
          chequers_serial_rivers_small_a
D:4:      layout_cave_pods, enter_ossuary_4, first_ration
D:5:      layout_cave_pods, kennysheep_mini_moat, serial_park_tiny_pond,
          trog_book, uniq_eustachio
D:6:      kennysheep_housing_project, layout_cave_pools,
          lemuel_coloured_pillars_altar, minmay_temple_entry_purple_smoke,
          uniq_pikel
D:7:      layout_loops_ring
D:8:      layout_basic, nicolae_overflow_hidden_temple, serial_rivers,
          chequers_serial_rivers_micro_b, chequers_serial_rivers_small_a,
          chequers_serial_rivers_room_b, chequers_serial_rivers_micro_e,
          chequers_serial_rivers_small_b, chequers_serial_rivers_small_b,
          the_bakery, onia_ninara_dug_in_and_dangerous, uniq_psyche
D:9:      layout_big_octagon, lemuel_crystal_altar, grunt_dithmenos_smoke,
          lemuel_crystal_altar, erik_lair_orcish_takeover, serial_ice,
          serial_ice_l, serial_ice_e, serial_ice_a, serial_ice_b, serial_ice_c,
          serial_ice_n
Temple:   zaba_magenta_temple
Lair:1:   layout_regular_city, uniq_joseph
Lair:2:   layout_cave_pods, skrybe_swamp_entry_bodies, spider_nest_entry_rubble,
          gauntlet_entry_generic, serial_bayou_shore_a, serial_bayou_shore_b
Gauntlet: gammafunk_gauntlet_shortcut [gammafunk_gauntlet_arena_split_diamond,
          nicolae_gauntlet_arena_grate_2, gammafunk_gauntlet_arena_chambers,
          nicolae_gauntlet_arena_flowing_pool,
          gammafunk_gauntlet_arena_arrow_garden,
          gammafunk_gauntlet_arena_crates, gauntlet_exit_green]

Skill      XL: |  1  2  3  4  5  6  7  8  9 10 11 |
---------------+----------------------------------+-----
Dodging        | 3 4 |  4.8
Spellcasting   | 4 5 6 7 9 11 13 | 13.8
Conjurations   | 2 3 4 5 7 9 |  9.7
Fire Magic     | 4 5 6 8 9 10 | 10.2
Stealth        | 3 4 5 |  5.4
Shields        | 1 2 3 4 |  4.4
Fighting       | |  0.4
Short Blades   | |  0.3

Action                   |  1- 3 |  4- 6 |  7- 9 | 10-12 || total
-------------------------+-------+-------+-------+-------++-------
Melee: Short sword       |       |    24 |       |       ||    24
       Dagger            |       |       |     1 |     2 ||     3
 Cast: Flame Tongue      |    66 |   178 |   147 |   129 ||   520
       Throw Flame       |       |     1 |     5 |     1 ||     7
       Sticky Flame      |       |     1 |    14 |    40 ||    55
       Conjure Flame     |       |       |     3 |       ||     3
       Fireball          |       |       |    20 |    31 ||    51
  Use: Scroll            |       |    10 |       |     4 ||    14
       Potion            |       |     2 |     1 |     3 ||     6
 Stab: Invisible         |       |     2 |       |       ||     2
  Eat: Chunk             |       |     8 |    11 |     9 ||    28
       Ration            |       |     1 |       |     2 ||     3
Armor: Robe              |     1 |    10 |    10 |    22 ||    43
Dodge: Dodged            |    10 |    32 |    49 |    61 ||   152
Block: Buckler           |       |     4 |    17 |    38 ||    59

Table legend:
 A = Non-vault XP
 B = Vault XP
 C = Vault XP percentage of total XP
 D = Non-vault monster count
 E = Vault monster count
 F = Vault count percentage of total count
                 A         B        C        D         E       F
            +---------+---------+-------+---------+---------+-------
      Total |    8531 |    6954 |  44.9 |     178 |     117 |  39.7
            +---------+---------+-------+---------+---------+-------
        D:1 |      33 |       2 |   5.7 |      20 |       1 |   4.8
        D:2 |      70 |      12 |  14.6 |      22 |       5 |  18.5
        D:3 |      63 |       0 |   0.0 |       9 |       0 |   0.0
        D:4 |     137 |       2 |   1.4 |       6 |       2 |  25.0
        D:5 |     372 |     211 |  36.2 |      20 |       1 |   4.8
        D:6 |     892 |    1419 |  61.4 |      19 |      29 |  60.4
        D:7 |     739 |       0 |   0.0 |      17 |       0 |   0.0
        D:8 |    2475 |     629 |  20.3 |      33 |       2 |   5.7
        D:9 |    2017 |    2273 |  53.0 |      24 |      21 |  46.7
     Lair:1 |     947 |     471 |  33.2 |       5 |       1 |  16.7
    Ossuary |       0 |     254 | 100.0 |       0 |      47 | 100.0
   Gauntlet |     786 |    1681 |  68.1 |       3 |       8 |  72.7
            +---------+---------+-------+---------+---------+-------
